Unix NetHack Version 5.0.0-0 post-release - last build May 22 2026 02:22:16 (99d1c3b6dc4b13757aaa5824b55bdea4e1e63757,branch:main).

Game began 2026-05-22 04:44:06, ended 2026-05-22 04:50:06.

CyberFan, lawful male dwarven Caveman

                              ---------
                              |....((.|
                              .(.....(+
                              |((...@m|
                              |..(...d|
                              ------.--
                                    #
                                    #
                                   ##
                                  -.---
                                  |e..|
                                  |...+
                                  |..<|
                                  -----

CyberFan the Aborigine   St:18/02 Dx:15 Co:16 In:9 Wi:7 Ch:8  Lawful
Dlvl:5  $:88 HP:0(33) Pw:4(4) AC:7  Xp:3/41 T:1041 

Latest messages:
 You see here a large box.
 In what direction?
 Hmmm, the large box turns out to be locked.
 #
 There is a locked large box here; force its lock? [ynq] (q)
 You start bashing it with your club.
 You succeed in forcing the lock.
 In fact, you've totally destroyed the large box.
 You see a flask shatter!
 You see a vial shatter!
 You see a jar shatter!
 In what direction?
 Loot in what direction?
 Never mind.
 You hear the footsteps of a guard on patrol.
 t - a purple-red potion.
 What do you want to eat? [q or ?*]
 Blecch!  Rotten food!
 You finish eating the food ration.
 You climb up the stairs.
 There's some graffiti on the floor here.
 You read: "T?ey s?y ?hat g lden naga? are law-a|? ir? |erizens as long as you  ?e too."
 You descend the stairs.
 You swap places with Slasher.
 You swap places with Slasher.
 You see here a statue of a floating eye.
 That chest is a giant mimic!
 You cannot escape from the giant mimic!
 You cannot escape from the giant mimic!
 The giant mimic hits!
 The giant mimic hits again!
 What do you want to read? [hrs or ?*]
 That is a silly thing to read.
 What do you want to drink? [ilmt or ?*]
 That was smooth!
 What do you want to drink? [imt or ?*]
 You feel better.
 You cannot escape from the giant mimic!
 You cannot escape from the giant mimic!
 The giant mimic hits!
 The giant mimic hits again!
 What do you want to drink? [imt or ?*]
 You feel better.
 The giant mimic hits!
 The giant mimic hits again!
 What do you want to drink? [imt or ?*]
 You feel better.
 The giant mimic hits!
 The giant mimic hits again!
 You die...

Inventory:
 Coins    ('$')
  $ - 88 gold pieces
 Weapons  (')')
  b - an uncursed +2 sling (alternate weapon; not wielded)
  a - an uncursed +1 club (weapon in right hand)
 Armor    ('[')
  j - an uncursed +0 orcish helm (being worn)
  e - an uncursed +0 leather armor (being worn)
 Scrolls  ('?')
  s - an uncursed scroll of enchant armor
  h - an uncursed scroll of food detection
  r - an uncursed scroll of identify
 Potions  ('!')
  i - an uncursed potion of fruit juice
  m - 5 uncursed potions of healing
  t - a cursed potion of healing
 Rings    ('=')
  k - an uncursed ring of free action
 Gems/Stones  ('*')
  p - an uncursed amber stone
  f - an uncursed worthless piece of white glass
  o - an uncursed worthless piece of yellowish brown glass
  c - 20 uncursed flint stones (in quiver pouch)
  d - 25 uncursed rocks

CyberFan the Caveman's attributes:

Background:
 You were an Aborigine, a level 3 dwarven Caveman.
 You were lawful, on a mission for Anu
 who was opposed by Ishtar (neutral) and Anshar (chaotic).
 You were right-handed.
 You were in the Dungeons of Doom, on level 5.
 You entered the dungeon 1041 turns ago.
 It was nighttime.
 You had 41 experience points, 39 more were needed to attain level 4.

Basics:
 You had 0 out of 33 hit points.
 You had all 4 energy points (spell power).
 Your armor class was 7.
 Your wallet contained 88 zorkmids.
 Autopickup was on for '$%?!"=/*', with exceptions.

Final Characteristics:
 Your strength was 18/02 (limit:18/100).
 Your dexterity was 15 (limit:20).
 Your constitution was 16 (limit:20).
 Your intelligence was 9 (limit:16).
 Your wisdom was 7 (limit:16).
 Your charisma was 8 (limit:16).

Final Status:
 You were held by a giant mimic (east).
 You weren't hungry.
 You were unencumbered.
 You were wielding a club.
 You had basic skill with club.

Final Attributes:
 You were devoutly aligned.
 You had infravision.
 You were warded.
 You are dead.

Miscellaneous:
 You disabled loading and storing of bones levels.
 Total elapsed playing time was 5 minutes and 59 seconds.

Major events:
 Turn
    1: CyberFan the lawful dwarven Caveman entered the dungeon
  925: attained the rank of Aborigine (level 3)
 1041: killed by a giant mimic

You didn't know any spells.

Skills:
 Fighting Skills
   bare handed combat [Basic]
 Weapon Skills
   dagger             [Unskilled]
   knife              [Unskilled]
   axe                [Unskilled]
   pick-axe           [Unskilled]
   club               [Basic]
   mace               [Unskilled]
   morning star       [Unskilled]
   flail              [Unskilled]
   hammer             [Unskilled]
   quarterstaff       [Unskilled]
   polearms           [Unskilled]
   spear              [Unskilled]
   trident            [Unskilled]
   bow                [Unskilled]
   sling              [Basic]
   boomerang          [Unskilled]
   unicorn horn       [Unskilled]
 Spellcasting Skills
   attack spells      [Unskilled]
   matter spells      [Unskilled]

Voluntary challenges:
 Character rerolling was not enabled.
 You were illiterate.
 You never genocided any monsters.
 You never polymorphed an object.
 You never changed form.
 You used no wishes.
Achievements:
 You entered a shop.
 You attained the rank of Aborigine.

 The Dungeons of Doom: levels 1 to 5
    Level 1:
    Level 2:
    Level 3:
       A scroll shop, some altars.
    Level 4:
       A fountain.
    Level 5: <- You were here.
       Final resting place for
          you, killed by a giant mimic.


Vanquished creatures:
  a gas spore
  a giant rat
  a yellow mold
  a gnome
  a gecko
  a jackal
  a fox
  2 kobolds
  a goblin
  a grid bug
  2 lichens
  3 newts
16 creatures vanquished.

No species were genocided or became extinct.

Game over:
                       ----------
                      /          \
                     /    REST    \
                    /      IN      \
                   /     PEACE      \
                  /                  \
                  |     CyberFan     |
                  |      88 Au       |
                  |   killed by a    |
                  |   giant mimic    |
                  |                  |
                  |                  |
                  |       2026       |
                 *|     *  *  *      | *
        _________)/\\_//(\/(/\)/\//\/|_)_______

Goodbye CyberFan the Caveman...

You died in The Dungeons of Doom on dungeon level 5 with 464 points,
and 88 pieces of gold, after 1041 moves.
You were level 3 with a maximum of 33 hit points when you died.

